 Dungeon Crawl Stone Soup version 0.21.0-3-g78d12a8 (webtiles) character file.

16876 tidbits the Covert (level 12, -6/64 HPs)
             Began as a Vine Stalker Wizard on Jan 11, 2018.
             Was a High Priest of Cheibriados.
             Mangled by an orc knight
             ... wielding a +0 long sword
              (19 damage)
             ... on level 2 of the Orcish Mines.
             The game lasted 01:20:58 (6805 turns).

tidbits the Covert (Vine Stalker Wizard)            Turns: 6805, Time: 01:20:59

Health: -6/64      AC:  7    Str: 25    XL:     12   Next: 42%
Magic:  0/22       EV: 15    Int: 33    God:    Cheibriados [*****.]
Gold:   1107       SH: 14    Dex: 27    Spells: 2/23 levels left

rFire    . . .     SeeInvis .   a - +9 long sword of Termination {elec, rElec}
rCold    + . .     Gourm    .   D - +2 shield {rPois}
rNeg     . . .     Faith    .   B - +2 leather armour {MR+}
rPois    +         Spirit   +   E - +0 helmet
rElec    +         Reflect  .   C - +0 cloak
rCorr    .         Harm     .   (no gloves)
MR       ++...     Clarity  +   (no boots)
Stlth    ++++......             (no amulet)
HPRegen  1.00/turn              P - ring of poison resistance
MPRegen  0.18/turn              W - ring of wizardry

@: drained, very slow
A: fangs 3, clarity, cold resistance 1, regeneration 2, magic shield, antimagic
bite, no potion heal 3, rot immunity
a: Bend Time, Temporal Distortion, Slouch, Step From Time, Renounce Religion


You were on level 2 of the Orcish Mines.
You worshipped Cheibriados.
Cheibriados was extremely pleased with you.
You were hungry.

You visited 2 branches of the dungeon, and saw 15 of its levels.

You collected 1107 gold pieces.

Inventory:

Hand Weapons
 a - the +9 long sword of Termination (weapon) {elec, rElec}
   (You found it on level 12 of the Dungeon)

   Occasionally, upon striking a foe, it will discharge some electrical energy
   and cause terrible harm.
   It insulates you from electricity.
 b - a +1 dagger
 d - a +3 short sword of venom
   (You took it off an orc on level 3 of the Dungeon)
 v - a +0 hunting sling
Missiles
 o - 167 arrows
 w - 12 stones
 y - 15 tomahawks (quivered)
 J - a throwing net {!f}
Armour
 s - a +0 hat
 u - a +1 ring mail of magic resistance
   (You took it off an orc priest on level 4 of the Dungeon)
 B - a +2 leather armour of magic resistance (worn)
   (You found it on level 1 of the Dungeon)
 C - a +0 cloak (worn)
 D - a +2 shield of poison resistance (worn)
   (You took it off a tengu warrior on level 13 of the Dungeon)
 E - a +0 helmet (worn)
 F - a +0 ring mail of poison resistance
   (You took it off a tengu warrior on level 13 of the Dungeon)
 L - a +0 buckler
Magical Staves
 n - an uncursed staff of fire
   (You found it on level 10 of the Dungeon)
Jewellery
 p - an uncursed ring of protection from fire
   (You found it on level 13 of the Dungeon)
 x - an uncursed ring of protection from fire
   (You found it on level 11 of the Dungeon)
 I - an uncursed ring of see invisible
   (You found it on level 9 of the Dungeon)
 P - a ring of poison resistance (left hand)
   (You found it on level 10 of the Dungeon)
 W - a ring of wizardry (right hand)
   (You found it on level 11 of the Dungeon)
 Y - an uncursed ring of flight
   (You found it on level 12 of the Dungeon)
 Z - an uncursed ring of ice
   (You found it on level 11 of the Dungeon)
Wands
 e - a wand of iceblast (1)
 g - a wand of paralysis (5)
 q - a wand of acid (10)
 A - a wand of flame (13)
 N - a wand of enslavement (6)
 V - a wand of clouds (5)
Scrolls
 r - 8 scrolls of remove curse
 t - 3 scrolls of teleportation
 G - 2 scrolls of fog
 H - 2 scrolls of immolation
 O - a scroll of vulnerability
 Q - a scroll of magic mapping
 S - a scroll of silence
 U - a scroll of enchant armour {unknown}
Potions
 f - 8 potions of curing
 h - 2 potions of mutation {!q}
 i - 4 potions of might
 k - 3 potions of lignification
 l - a potion of magic
 m - 4 potions of flight
 z - 5 potions of brilliance
 K - a potion of berserk rage
 T - a potion of agility
 X - a potion of cancellation
Books
 j - a book of Maledictions
   (You found it on level 11 of the Dungeon)

   Spells                             Type                      Level
   a - Corona                         Hexes                        1
   b - Ensorcelled Hibernation        Hexes/Ice                    2
   c - Confuse                        Hexes                        3
   d - Tukima's Dance                 Hexes                        3
   e - Dazzling Spray                 Conjuration/Hexes            3
 M - a book of Conjurations
   (You found it on level 3 of the Dungeon)

   Spells                             Type                      Level
   a - Magic Dart                     Conjuration                  1
   b - Searing Ray                    Conjuration                  2
   c - Dazzling Spray                 Conjuration/Hexes            3
   d - Fulminant Prism                Conjuration/Hexes            4
   e - Force Lance                    Conjuration/Translocation    4
   f - Iskenderun's Mystic Blast      Conjuration                  4
Miscellaneous
 R - a phial of floods
Comestibles
 c - 24 rations


   Skills:
 - Level 8.1 Fighting
 - Level 4.0(5.2) Short Blades
 - Level 5.2(5.9) Long Blades
 - Level 5.9 Dodging
 - Level 8.5 Stealth
 + Level 4.6 Shields
 - Level 6.0 Spellcasting
 - Level 3.4 Conjurations
 - Level 5.1 Hexes
 - Level 1.0(0.9) Summonings
 - Level 2.8 Translocations
 - Level 1.4 Fire Magic
 - Level 1.7(1.6) Air Magic
 - Level 1.7 Poison Magic
 + Level 7.0 Invocations
 - Level 4.0(3.9) Evocations


You had 2 spell levels left.
You knew the following spells:

 Your Spells              Type           Power        Failure   Level  Hunger
a - Magic Dart            Conj           ####         1%          1    None
b - Blink                 Tloc           N/A          3%          2    None
c - Conjure Flame         Conj/Fire      ####....     9%          3    None
e - Ensorcelled Hibernat  Hex/Ice        ####..       4%          2    None
f - Confuse               Hex            #####...     2%          3    None
i - Call Imp              Summ           ###.....     8%          2    None
l - Force Lance           Conj/Tloc      ####....     21%         4    ##.....
m - Mephitic Cloud        Conj/Pois/Air  ####....     9%          3    None
o - Corona                Hex            #####..      1%          1    None


Dungeon Overview and Level Annotations

Branches:
Dungeon (13/15)            Temple (0/1) D:7            Lair (0/6) D:10
    Orc (2/2) D:9
    Elf: Orc:2       Vaults: D:13-14

Altars:
Cheibriados
Fedhas
Hepliaklqana
Makhleb
Okawaru
Ru
Sif Muna
Uskayaw
Xom
Yredelemnul
Beogh

Shops:
D:10 %

Annotations:
D:3 exclusion: downstairs
D:13 exclusion: death knight


Innate Abilities, Weirdness & Mutations

You have razor-sharp teeth.
You heal very quickly.
When hurt, damage is shared between your health and your magic reserves.
Your bite disrupts and absorbs the magic of your enemies.
Potions cannot restore your health.
You are immune to rotting.
You possess an exceptional clarity of mind.
Your flesh is cold resistant. (rC+)


Message History

An orc comes into view. It is wielding a club.
Wield which item (- for none, * to show all)? (? for menu, Esc to quit)
The +9 long sword of Termination {elec, rElec} stops crackling.
Your +3 short sword of venom begins to drip with poison!
d - a +3 short sword of venom (weapon)
The helpless cyclops fails to defend itself.
You stick the cyclops like a pincushion!!!
You kill the cyclops!
Cheibriados appreciates the change of pace.
Things that are here:
3 large rocks; a cyclops corpse The orc shouts!
You hear a shout!
The orc throws a tomahawk.
The tomahawk closely misses you.
The orc throws a tomahawk.
You block the tomahawk.
Found 14 gold pieces.
An orc, an orc warrior and an orc wizard come into view.
Things that are here:
a tomahawk; 13 gold pieces Wield which item (- for none, * to show all)? (? for menu, Esc to quit)
Your +3 short sword of venom stops dripping with poison.
You hear the crackle of electricity.
a - the +9 long sword of Termination (weapon)
{elec, rElec} A troll comes into view.
The orc knight shouts!
The orc wizard shouts!
The orc moves out of view.
The orc warrior shouts!
Things that are here:
3 large rocks; a cyclops corpse Unknown command.
You hear a howl!
The orc wizard casts a spell at you. The magic dart hits you!
You see here a tomahawk.
The orc wizard mumbles some strange words.
The orc wizard seems to speed up.
The orc wizard gestures at you while chanting.
The magic dart hits you!
There is a stone staircase leading up here.
The orc knight roars a battlecry!
The orcs go into a battle-frenzy!
A warg comes into view.
You slash the orc warrior! You bite the orc warrior. You drain its power.
The orc warrior is heavily wounded.
You block the orc warrior's attack. The orc wizard misses you.
You riposte.
You hit the orc wizard. You bite the orc wizard.
The orc wizard's magic leaks into the air.
You drain its magic.
The orc wizard is heavily wounded.
You closely miss the orc warrior. Your bite misses the orc warrior.
The orc warrior is heavily wounded.
The orc wizard gestures at you while chanting.
The magic dart hits you!
The orc warrior hits you with a long sword!!
You block the orc wizard's attack.
Unknown command.
The flow of time bends around you.
Cheibriados rebukes the orc warrior.
The orc warrior seems to slow down.
Cheibriados rebukes the orc wizard.
The orc wizard seems to slow down.
You feel slightly more hungry.
The orc wizard casts a spell.
The orc wizard blinks!
The orc throws a tomahawk.
You block the tomahawk.
Okay, then.
You closely miss the orc knight.
You bite the orc knight, but do no damage.
The orc throws a tomahawk.
The tomahawk misses you. You block the orc knight's attack.
Unknown command.
You closely miss the orc knight.
You bite the orc knight, but do no damage.
You closely miss the orc knight. You bite the orc knight. You drain its power.
You feel invigorated.
The orc knight is lightly wounded.
The orc knight hits you with a long sword.
You block the orc's attack.
You slash the orc knight! Your bite misses the orc knight.
The orc knight is lightly wounded.
The orc knight hits you with a long sword!!
* * * LOW HITPOINT WARNING * * *
You block the orc's attack. The flow of time bends around you.
Cheibriados rebukes the orc knight.
The orc knight seems to slow down.
Cheibriados rebukes the orc.
The orc seems to slow down.
You feel slightly more hungry.
Cheibriados lowers the support of your attributes as your movement quickens.
The orc knight hits you with a long sword!
* * * LOW HITPOINT WARNING * * *
The orc misses you.
You riposte.
You slash the orc!
You kill the orc!
Cheibriados thoroughly appreciates the change of pace.
Evoke which item? (* to show all) (? for menu, Esc to quit)
Aiming: Corrosive Bolt
Press: ? - help, Shift-Dir - straight line, f - orc knight
Aim: an orc knight, wielding a long sword and wearing a chain mail (lightly wounded, slow)
The bolt of acid hits the orc knight.
The orc knight is splashed with acid.
The acid corrodes the orc knight!
The orc knight is moderately wounded.
The orc knight hits you with a long sword!!
You die...

## $... . ...#.
. ##.....
.#.......
######.o......
##.##..........
#..o..oo.......
##.)##oo(..h#
#..@#o((.$###
##.#o#.....#
######.....#
##.....#
....$...
#.##..... ###
..... ...


You could see an orc knight and an orc wizard.

Vanquished Creatures
  Snorg (D:12)
  5 two-headed ogres
  2 hydras
  A tengu warrior (D:13)
  An unseen horror (D:12)
  Pikel (D:6)
  An ugly thing (D:11)
  2 manticores (D:11)
  2 cyclopes
  4 trolls
  4 hippogriffs
  4 yaks (D:9)
  A wyvern (D:10)
  A warg (Orc:1)
  A soldier ant (D:12)
  A water moccasin (D:7)
  6 orc warriors
  4 ice beasts
  A phantom (D:11)
  3 sky beasts
  A slave (D:6)
  A black bear (D:12)
  A hornet zombie (D:9)
  5 ogres
  5 centaurs
  A big kobold (D:11)
  8 bullfrogs
  A wyvern zombie (D:13)
  3 scorpions
  A water moccasin zombie (D:6)
  12 wights
  3 howler monkeys
  A bullfrog zombie (D:5)
  A crimson imp (D:10)
  5 jellies
  5 hounds
  7 orc priests
  4 bullfrog skeletons
  13 orc wizards
  Crazy Yiuf (D:3)
  7 iguanas
  9 worker ants
  A hound zombie (D:7)
  Robin (D:3)
  5 adders
  2 howler monkey skeletons
  A river rat (D:5)
  A shadow imp (D:5)
  3 oozes
  An adder zombie (D:6)
  2 adder skeletons
  5 worms
  2 dart slugs
  5 leopard geckos
  43 orcs
  2 ball pythons
  3 giant cockroaches
  13 goblins
  6 hobgoblins (D:3)
  7 jackals (D:3)
  6 kobolds
  3 quokkas
  A ball python skeleton (D:4)
  10 bats
  2 frilled lizards
  A jackal skeleton (D:9)
  2 quokka skeletons (D:6)
  7 rats
276 creatures vanquished.

Vanquished Creatures (collateral kills)
  An ogre (D:4)
  An orc priest (D:4)
  An ooze (D:6)
  2 orcs
5 creatures vanquished.

Vanquished Creatures (others)
  An unseen horror (D:11)
  A slave (D:6)
2 creatures vanquished.

Grand Total: 283 creatures vanquished

Notes
Turn   | Place    | Note
-------+----------+-------------------------------------------
     0 | D:1      | tidbits the Vine Stalker Wizard began the quest for the Orb.
     0 | D:1      | Reached XP level 1. HP: 9/9 MP: 5/5
   129 | D:1      | Reached skill level 1 in Fighting
   185 | D:1      | Reached XP level 2. HP: 14/14 MP: 7/7
   450 | D:2      | Reached skill level 2 in Fighting
   550 | D:2      | Reached XP level 3. HP: 15/18 MP: 1/8
   555 | D:2      | Learned a level 2 spell: Call Imp
   558 | D:2      | Learned a level 2 spell: Blink
   813 | D:2      | Reached skill level 3 in Stealth
   906 | D:3      | Found a basalt altar of Yredelemnul.
   910 | D:4      | Noticed an ogre
   910 | D:4      | Noticed a bullfrog
   912 | D:4      | Noticed a scorpion
  1091 | D:3      | Gained mutation: Your natural rate of healing is unusually fast. [Vine Stalker growth]
  1091 | D:3      | Reached XP level 4. HP: 23/23 MP: 9/9
  1150 | D:3      | Reached skill level 1 in Short Blades
  1206 | D:4      | Found a snail-covered altar of Cheibriados.
  1221 | D:4      | Reached skill level 2 in Short Blades
  1234 | D:4      | Became a worshipper of Cheibriados the Contemplative
  1253 | D:4      | Killed a bullfrog
  1253 | D:4      | Reached skill level 3 in Short Blades
  1253 | D:4      | Reached XP level 5. HP: 19/27 MP: 10/10
  1259 | D:4      | Reached XP level 6. HP: 20/32 MP: 9/11
  1267 | D:4      | HP: 2/32 [orc priest/divine providence (10)]
  1295 | D:3      | Noticed Robin
  1452 | D:3      | Reached skill level 4 in Short Blades
  1476 | D:3      | Reached * piety under Cheibriados
  1481 | D:3      | Killed Robin
  1494 | D:2      | Found a basalt altar of Yredelemnul.
  1577 | D:3      | Found a runed door.
  1581 | D:3      | Noticed Crazy Yiuf
  1589 | D:3      | Killed Crazy Yiuf
  1700 | D:4      | Reached skill level 3 in Fighting
  1735 | D:4      | Reached skill level 2 in Dodging
  1735 | D:4      | Reached skill level 1 in Evocations
  1747 | D:4      | Gained mutation: Your flesh is cold resistant. (rC+) [potion of mutation]
  1747 | D:4      | Gained mutation: You possess an exceptional clarity of mind. [potion of mutation]
  1845 | D:4      | Found an iron altar of Okawaru.
  1874 | D:4      | Reached XP level 7. HP: 34/36 MP: 12/12
  1929 | D:4      | Reached skill level 2 in Evocations
  1978 | D:4      | Found a deep blue altar of Sif Muna.
  2058 | D:5      | Entered Level 5 of the Dungeon
  2112 | D:5      | Reached skill level 4 in Stealth
  2127 | D:5      | Reached ** piety under Cheibriados
  2210 | D:5      | Reached skill level 5 in Stealth
  2245 | D:5      | Reached skill level 4 in Fighting
  2283 | D:4      | Learned a level 3 spell: Mephitic Cloud
  2305 | D:5      | Found a hazy altar of Hepliaklqana.
  2448 | D:5      | Noticed a hippogriff
  2452 | D:5      | Killed a hippogriff
  2452 | D:5      | Reached skill level 2 in Conjurations
  2452 | D:5      | Reached skill level 1 in Air Magic
  2452 | D:5      | Reached skill level 1 in Poison Magic
  2452 | D:5      | Gained mutation: You have razor-sharp teeth. [Vine Stalker growth]
  2452 | D:5      | Reached XP level 8. HP: 42/42 MP: 11/13
  2475 | D:5      | Reached skill level 1 in Invocations
  2585 | D:5      | Reached skill level 2 in Invocations
  2692 | D:6      | Reached skill level 1 in Shields
  2709 | D:6      | Reached skill level 2 in Shields
  2726 | D:6      | Reached skill level 3 in Shields
  2743 | D:6      | Reached skill level 4 in Shields
  2770 | D:6      | Found a shimmering altar of Xom.
  2806 | D:6      | Reached skill level 6 in Stealth
  2819 | D:6      | Reached skill level 3 in Dodging
  2819 | D:6      | Reached XP level 9. HP: 46/46 MP: 14/14
  2904 | D:6      | Reached *** piety under Cheibriados
  2979 | D:7      | Found a hide-covered altar of Uskayaw.
  3095 | D:6      | Reached skill level 3 in Invocations
  3334 | D:7      | Reached skill level 4 in Dodging
  3396 | D:7      | Found a sacrificial altar of Ru.
  3511 | D:6      | Reached skill level 5 in Fighting
  3514 | D:6      | Noticed Pikel
  3531 | D:6      | Killed Pikel
  3531 | D:6      | Reached skill level 6 in Fighting
  3650 | D:8      | Reached skill level 7 in Fighting
  3819 | D:8      | Reached XP level 10. HP: 54/55 MP: 15/15
  3888 | D:7      | Found a staircase to the Ecumenical Temple.
  4054 | D:10     | Entered Level 10 of the Dungeon
  4157 | D:10     | Noticed a five-headed hydra
  4180 | D:10     | Learned a level 3 spell: Conjure Flame
  4274 | D:11     | Reached skill level 1 in Fire Magic
  4276 | D:11     | Reached **** piety under Cheibriados
  4285 | D:11     | Noticed a two-headed ogre
  4292 | D:11     | Killed a two-headed ogre
  4292 | D:11     | Reached skill level 3 in Evocations
  4308 | D:11     | Noticed a manticore
  4317 | D:11     | Noticed a cyclops
  4368 | D:11     | Noticed a brown ugly thing
  4385 | D:11     | Killed a brown ugly thing
  4385 | D:11     | Reached skill level 5 in Dodging
  4396 | D:11     | Reached skill level 4 in Evocations
  4421 | D:11     | Learned a level 2 spell: Ensorcelled Hibernation
  4435 | D:11     | Reached skill level 1 in Hexes
  4481 | D:12     | Reached skill level 2 in Hexes
  4533 | D:11     | Learned a level 3 spell: Confuse
  4551 | D:11     | Reached skill level 4 in Spellcasting
  4564 | D:11     | Killed a cyclops
  4564 | D:11     | Reached skill level 3 in Hexes
  4613 | D:11     | Reached skill level 5 in Spellcasting
  4613 | D:11     | Reached skill level 4 in Hexes
  4651 | D:12     | Noticed a seven-headed hydra
  4660 | D:11     | Noticed a manticore
  4664 | D:11     | Killed a manticore
  4664 | D:11     | Reached XP level 11. HP: 51/60 MP: 18/20
  4665 | D:11     | Killed a manticore
  4665 | D:11     | Reached skill level 5 in Hexes
  4667 | D:11     | Reached skill level 6 in Spellcasting
  4695 | D:11     | Learned a level 4 spell: Force Lance
  4708 | D:11     | Learned a level 1 spell: Corona
  4727 | D:10     | Found Nuetoul's Food Boutique.
  4806 | D:9      | Noticed a two-headed ogre
  4812 | D:9      | Killed a two-headed ogre
  4812 | D:9      | Reached skill level 3 in Conjurations
  4812 | D:9      | Reached skill level 2 in Translocations
  4951 | D:9      | Found a burning altar of Makhleb.
  4964 | D:9      | Found a staircase to the Orcish Mines.
  4973 | D:9      | Found a roughly hewn altar of Beogh.
  5000 | Orc:1    | Entered Level 1 of the Orcish Mines
  5018 | Orc:1    | Reached skill level 4 in Invocations
  5154 | Orc:1    | Reached ***** piety under Cheibriados
  5293 | D:9      | Found a blossoming altar of Fedhas.
  5383 | D:9      | Reached skill level 5 in Invocations
  5603 | D:10     | Killed a five-headed hydra
  5603 | D:10     | Reached skill level 7 in Stealth
  5603 | D:10     | Reached skill level 6 in Invocations
  5660 | D:10     | Noticed a two-headed ogre
  5670 | D:10     | Killed a two-headed ogre
  5681 | D:10     | Reached skill level 8 in Stealth
  5685 | D:10     | Found a staircase to the Lair.
  5690 | D:10     | Got a translucent leather armour
  5701 | D:10     | Identified the +1 leather armour of Sin {rCorr Int-2 Stlth+} (You found it on level 10 of the Dungeon)
  5885 | D:12     | Noticed Snorg
  5902 | D:12     | Killed Snorg
  5902 | D:12     | Reached skill level 8 in Fighting
  5952 | D:12     | Reached skill level 7 in Invocations
  5993 | D:12     | Noticed a cyan ugly thing
  6035 | D:12     | Got a crystal long sword
  6036 | D:12     | Identified the +9 long sword of Termination {elec, rElec} (You found it on level 12 of the Dungeon)
  6068 | D:12     | Noticed an unseen horror
  6071 | D:12     | Killed an unseen horror
  6071 | D:12     | Reached skill level 2 in Long Blades
  6071 | D:12     | Gained mutation: You heal very quickly. [Vine Stalker growth]
  6071 | D:12     | Reached XP level 12. HP: 54/64 MP: 19/22
  6078 | D:12     | Killed a seven-headed hydra
  6078 | D:12     | Reached skill level 3 in Long Blades
  6154 | D:12     | Noticed a two-headed ogre
  6157 | D:12     | Killed a two-headed ogre
  6157 | D:12     | Reached skill level 4 in Long Blades
  6316 | D:13     | Noticed a death knight
  6394 | D:13     | Noticed a two-headed ogre
  6401 | D:13     | Killed a two-headed ogre
  6438 | D:13     | Noticed a tengu warrior
  6448 | D:13     | Killed a tengu warrior
  6448 | D:13     | Reached skill level 5 in Long Blades
  6785 | Orc:2    | Entered Level 2 of the Orcish Mines
  6805 | Orc:2    | Mangled by an orc knight

Skill      XL: |  1  2  3  4  5  6  7  8  9 10 11 12 |
---------------+-------------------------------------+-----
Fighting       | 1 2 3 4 7 8 |  8.1
Stealth        | 3 5 6 8 |  8.5
Short Blades   | 3 4 |  4.0
Dodging        | 2 3 4 5 |  5.9
Evocations     | 1 2 4 |  4.0
Conjurations   | 2 3 |  3.4
Air Magic      | 1 |  1.7
Poison Magic   | 1 |  1.7
Invocations    | 2 3 7 |  7.0
Shields        | 4 |  4.6
Fire Magic     | 1 |  1.4
Hexes          | 4 5 |  5.1
Spellcasting   | 5 6 |  6.0
Translocations | 2 |  2.8
Long Blades    | 2 5 |  5.2
Summonings     | |  1.0

Action                   |  1- 3 |  4- 6 |  7- 9 | 10-12 || total
-------------------------+-------+-------+-------+-------++-------
Melee: Dagger            |    55 |       |       |     1 ||    56
       Bite              |    15 |    31 |    78 |   141 ||   265
       Short sword       |     7 |   103 |   196 |   203 ||   509
       Mace              |       |       |    14 |    15 ||    29
       Unarmed           |       |       |       |    12 ||    12
       Long sword        |       |       |       |    47 ||    47
Throw: Tomahawk          |       |       |       |     4 ||     4
 Cast: Magic Dart        |    76 |    25 |     2 |     3 ||   106
       Call Imp          |       |     6 |     2 |     1 ||     9
       Mephitic Cloud    |       |       |     1 |    10 ||    11
       Ensorcelled Hiber |       |       |       |     3 ||     3
       Confuse           |       |       |       |     3 ||     3
       Force Lance       |       |       |       |     6 ||     6
       Corona            |       |       |       |     2 ||     2
       Conjure Flame     |       |       |       |     1 ||     1
Invok: Bend Time         |       |       |    10 |    12 ||    22
Evoke: Wand              |       |     1 |    22 |    33 ||    56
  Use: Scroll            |    10 |     6 |     8 |     5 ||    29
       Potion            |       |     5 |     1 |     3 ||     9
 Stab: Sleeping          |       |     1 |    16 |    14 ||    31
       Distracted        |       |       |     1 |       ||     1
       Betrayed ally     |       |       |     1 |       ||     1
       Confused          |       |       |       |     6 ||     6
       Paralysed         |       |       |       |     2 ||     2
  Eat: Ration            |       |     1 |       |       ||     1
       Chunk             |       |       |     4 |     6 ||    10
Armor: Leather armour    |    17 |    15 |    46 |    50 ||   128
       Skin              |       |       |       |    26 ||    26
Dodge: Dodged            |    46 |    50 |   102 |   158 ||   356
Block: Buckler           |       |       |    28 |    72 ||   100
       Shield            |       |       |       |    15 ||    15
       Rpst.: Long sword |       |       |       |    10 ||    10

Table legend:
 A = Turns spent in this place as a percentage of turns spent in the entire game.
 B = Non-inter-level travel turns spent in this place as a percentage of non-inter-level travel turns spent in the entire game.
 C = Inter-level travel turns spent in this place as a percentage of turns spent in this place.
 D = Turns resting spent in this place as a percentage of non-inter-level travel turns spent in this place.
 E = Turns spent auto-exploring this place as a percentage of non-inter-level travel turns spent in this place.
 F = Non-inter-level travel turns spent in this place divided by the number of levels of this place that you've seen.
                   A       B       C       D       E      F
               +-------+-------+-------+-------+-------+----------------------
         Total | 100.0 | 100.0 |   7.0 |   0.0 |   0.0 | 421.7
       Dungeon |  95.6 |  95.6 |   7.1 |   0.0 |   0.0 | 465.1
  Orcish Mines |   4.4 |   4.4 |   6.7 |   0.0 |   0.0 | 140.0
               +-------+-------+-------+-------+-------+----------------------

Table legend:
 A = Kills in this place as a percentage of kills in entire the game.
 B = Kills by you in this place as a percentage of kills by you in the entire game.
 C = Kills by friends in this place as a percentage of kills by friends in the entire game.
 D = Other kills in this place as a percentage of other kills in the entire game.
 E = Experience gained in this place as a percentage of experience gained in the entire game.
 F = Experience gained in this place divided by the number of levels of this place that you have seen.
                   A       B       C       D       E      F
               +-------+-------+-------+-------+-------+----------------------
         Total | 100.0 | 100.0 | 100.0 | 100.0 | 100.0 | 1607.3
       Dungeon |  94.7 |  95.2 | 100.0 |  33.3 |  93.6 | 1736.8
  Orcish Mines |   5.3 |   4.8 |   0.0 |  66.7 |   6.4 | 765.5
               +-------+-------+-------+-------+-------+----------------------

Vault maps used:
D:1:      roderic_chinese_lattice_arrival, minmay_misc_feat_encased,
          minmay_splitting_lines
D:2:      lemuel_upstairs_altar, first_ration
D:3:      lemuel_crystal_altar, uniq_robin, uniq_crazy_yiuf_cottage
D:4:      cheibrodos_pilgrimage, lemuel_coloured_pillars_altar,
          kennysheep_slug_shrine, roderic_malta_cross, okawaru_metal_pillars_3
D:5:      kennysheep_little_box, portal_sewer_entry_c,
          hangedman_abyss_or_decor_stabs
D:6:      overflow_temple_1_default, dk_xom_monty_hall, uniq_pikel
D:7:      lemuel_crystal_altar, kennysheep_mini_moat,
          minmay_temple_entry_butterflies
D:8:      zin_purify, kiku_gazebo_garden_becter
D:9:      overflow_temple_1_default, nicolae_overflow_crystal_walls,
          minmay_orc_entry_temple_small
D:10:     lair_entry_dummy, serial_shops, shop
D:11:     serial_shops, shop
D:12:     uniq_snorg
Orc:2:    st_orc_open, nicolae_orc_rich_vein
